 Dungeon Crawl Stone Soup version 0.28.0-53-g5a82cb258f (webtiles) character file.

Game seed: 1594642255833816287

65 issech the Chopper (level 3, 0/33 HPs)
             Began as a Minotaur Monk on June 16, 2022.
             Killed by divine providence
             ... invoked by an orc priest
              (10 damage)
             ... on level 3 of the Dungeon.
             The game lasted 00:04:19 (1818 turns).

issech the Chopper (Minotaur Monk)                  Turns: 1818, Time: 00:04:20

Health: 0/33       AC:  5    Str: 15    XL:     3   Next: 92%
Magic:  2/2        EV: 16    Int:  7    God:
Gold:   97         SH:  0    Dex: 14    Spells: 2/2 levels left

rFire   + . .      SeeInvis .   a - +0 hand axe
rCold   x . .      Faith    .   (no shield)
rNeg    . . .      Spirit   .   t - +0 ring mail
rPois   .          Reflect  .   (helmet restricted)
rElec   .          Harm     .   (no cloak)
rCorr   .          Rampage  .   (no gloves)
Will    .....                   (no boots)
Stlth   +.........              q - amulet of regeneration
HPRegen 0.91/turn               n - +4 ring of evasion
MPRegen 0.08/turn               s - ring of fire

@: no status effects
A: horns 2, retaliatory headbutt
a: no special abilities


You were on level 3 of the Dungeon.
You visited 1 branch of the dungeon, and saw 3 of its levels.

You collected 97 gold pieces.

Inventory:

Hand Weapons
 a - a +0 hand axe (weapon)
 h - a +0 hunting sling
 u - a +0 rapier
Missiles
 d - 66 stones (quivered)
 k - 59 bolts
Armour
 b - a +0 robe
 t - a +0 ring mail (worn)
Jewellery
 n - a +4 ring of evasion (left hand)
 q - an amulet of regeneration (around neck)
 s - a ring of fire (right hand)
 v - a ring of protection from fire
Scrolls
 c - a scroll of acquirement {unknown}
 e - 4 scrolls of identify {unknown}
 f - a scroll of summoning {unknown}
 g - a scroll of vulnerability {unknown}
 i - a scroll of enchant armour {unknown}
 j - a scroll of fog {unknown}
 l - 2 scrolls of enchant weapon {unknown}
 o - a scroll of noise {unknown}
 w - a scroll of magic mapping {unknown}
 x - a scroll of blinking {unknown}
Potions
 m - 2 potions of degeneration {unknown}
 p - a potion of flight {unknown}
 r - a potion of haste {unknown}


   Skills:
 + Level 4.3 Fighting
 + Level 4.5 Axes
 + Level 0.2 Armour
 + Level 3.9 Dodging
 + Level 1.9 Stealth


You had 2 spell levels left.
You didn't know any spells.
Your spell library contained the following spells:

 Spells                   Type           Power      Damage    Failure   Level
 Ensorcelled Hibernation  Hex/Ice        0%         N/A       80%         2
 Passwall                 Tmut/Erth      0%         N/A       80%         2
 Swiftness                Air            0%         N/A       95%         3


Dungeon Overview and Level Annotations

Branches:
Dungeon (3/15)

Altars:
Vehumet


Innate Abilities, Weirdness & Mutations

You have a pair of horns on your head.
You reflexively headbutt those who attack you in melee.


Message History

A bat comes into view.
An orc and an orc wizard come into view.
The orc shouts!
The orc wizard shouts!
You hear a shout!
An orc priest comes into view.
It is wielding a +3 vorpal flail and wearing a +0 ring mail of poison resistance.
An orc priest comes into view. It is wielding a +0 falchion.
The bat misses you.
You barely miss the bat. The bat completely misses you.
The bat barely misses you.
You hit the bat.
You kill the bat!
The orc closely misses you.
You slash the orc! You headbutt the orc.
You kill the orc!
The orc priest begins to cast a cantrip, but forgets the words!
The orc priest looks satisfied for a moment.
The orc wizard mumbles some strange words.
The orc wizard flickers and vanishes!
Deactivating autopickup; reactivate with Ctrl-A.
You barely miss something. Your headbutt misses something.
Something barely misses you.
You closely miss something. Your headbutt misses something. Something hits you.
You miss something. Your headbutt misses something.
Something hits you but does no damage.
You barely miss something. Your headbutt misses something.
Something hits you but does no damage.
You miss something. Your headbutt misses something.
You hear some strange, mumbled words.
A puff of flame appears from out of thin air!
The puff of flame hits you. You resist.
You hit something. Your headbutt misses something. Something barely misses you.
The orc priest miscasts a cantrip.
The orc priest calls down the wrath of Beogh upon you.
Beogh smites you!
You closely miss something. Something hits you but does no damage.
The orc priest calls down the wrath of Beogh upon you.
Beogh smites you!
You hit something. Something hits you but does no damage.
The orc priest calls down the wrath of Beogh upon you.
Beogh smites you!
You die...

### ... #.. #.# #.# #.. ##.# #.#
#.#####o# # .. #.### #....@{o# .#
.# #.#.###.#####.## #.# .#
#....##........## ##.# .#
#.....#..######.###.# .#
#....##..# #.....# .# #.#)###..#
###.....#
.#####.#.###..###........#######.
..........#......○...............
.#.###.#...............#.########


You could see 2 orc priests.

Vanquished Creatures
  An adder (D:3)
  A worm (D:2)
  A dart slug (D:1)
  An orc (D:3)
  8 ball pythons
  6 endoplasms
  3 giant cockroaches
  4 goblins
  4 hobgoblins
  2 kobolds (D:1)
  2 quokkas
  3 bats
  5 frilled lizards
  4 rats
45 creatures vanquished.

Notes
Turn   | Place    | Note
-------+----------+-------------------------------------------
     0 | D:1      | issech the Minotaur Monk began the quest for the Orb.
     0 | D:1      | Reached XP level 1. HP: 19/19 MP: 0/0
   193 | D:1      | Reached XP level 2. HP: 27/27 MP: 1/1
   753 | D:1      | Reached XP level 3. HP: 33/33 MP: 2/2
  1718 | D:3      | Found a radiant altar of Vehumet.
  1818 | D:3      | Killed from afar by an orc priest

Illustrated notes

Levels and vault maps discovered:
D:1:      saegor_arrival_simple_a, layout_basic
D:2:      layout_loops_ring, corexii_hall_statues_i
D:3:      layout_loops_ring, fiery_altar_vehumet,
          hellmonk_ecumenical_altar_defaced_shrine, cheibrodos_gnoll_hut

Skill      XL: |  1  2 |
---------------+-------+-----
Fighting       | 4 |  4.3
Axes           | 4 |  4.5
Armour         | |  0.2
Dodging        | |  3.9
Stealth        | |  1.9

Action                   || total
-------------------------++-------
Melee: Hand axe          ||    94
       Headbutt          ||    15
 Stab: Sleeping          ||     2
Armor: Robe              ||     9
       Ring mail         ||     8
Dodge: Dodged            ||    85
